TOP OF THE 1ST |
---|
Maui Tropics batting - Pitching for St Charles Sheens : LHP Luis Valentín | Pitching: LHP Luis Valentín | | Batting: RHB Matt Silver | 0-0: Called Strike 0-1: Bunt missed! 0-2: Ball 1-2: Ground out 6-3 (Groundball, 6) | Batting: LHB Don Hull | 0-0: Called Strike 0-1: Ball 1-1: Swinging Strike 1-2: Foul Ball, location: 2F 1-2: Strikes out looking | Batting: RHB Jesús Espinoza | 0-0: Ball 1-0: Ball 2-0: Called Strike 2-1: Foul Ball, location: 2F 2-2: Strikes out swinging | Top of the 1st over - 0 runs, 0 hits, 0 errors, 0 left on base; Maui 0 - St Charles 0 | BOTTOM OF THE 1ST |
---|
St Charles Sheens batting - Pitching for Maui Tropics : RHP Steve Floyd | Pitching: RHP Steve Floyd | | Batting: LHB Kyle Harrison | 0-0: Foul Ball, location: 2F 0-1: Called Strike 0-2: Ball 1-2: Fly out, F7 (Flyball, 7) | Batting: RHB Rob Brady | 0-0: Ball 1-0: Foul Ball, location: 2F 1-1: Swinging Strike 1-2: Strikes out swinging | Batting: LHB Benny Richard | 0-0: Fly out, F8 (Line Drive, 8LM) | Bottom of the 1st over - 0 runs, 0 hits, 0 errors, 0 left on base; Maui 0 - St Charles 0 | TOP OF THE 2ND |
---|
Maui Tropics batting - Pitching for St Charles Sheens : LHP Luis Valentín | Batting: RHB Luis Alou | 0-0: Fly out, F8 (Flyball, 89D) | Batting: LHB Luis Antonio Torres | 0-0: Ball 1-0: Ball 2-0: Swinging Strike 2-1: Fly out, F8 (Flyball, 8RD) | Batting: LHB Dave Cook | 0-0: Ball 1-0: SINGLE (Line Drive, 34D) | Batting: RHB Michael Woodruff | 0-0: Foul Ball, location: 2F 0-1: Ball 1-1: SINGLE (Line Drive, 6D) Dave Cook to second | Batting: LHB José Rivas | 0-0: 3-RUN HOME RUN (Flyball, 9LD), Distance : 491 ft | Batting: RHB Bo Vickers | 0-0: Ball 1-0: Ball 2-0: Called Strike 2-1: Ground out 6-3 (Groundball, 56) | Top of the 2nd over - 3 runs, 3 hits, 0 errors, 0 left on base; Maui 3 - St Charles 0 | BOTTOM OF THE 2ND |
---|
St Charles Sheens batting - Pitching for Maui Tropics : RHP Steve Floyd | Batting: SHB Henry Copeland | 0-0: Swinging Strike 0-1: Fly out, F9 (Flyball, 9S) | Batting: RHB Dan Tyler | 0-0: Ball 1-0: Called Strike 1-1: SINGLE (Groundball, 56D) | Batting: LHB Jason Lambert | 0-0: Called Strike 0-1: Called Strike 0-2: Strikes out swinging | Batting: RHB Shawn Gutiérrez | 0-0: SINGLE (Groundball, 6D) Dan Tyler to second | Batting: RHB Sergio Pujols | 0-0: Called Strike 0-1: Ball 1-1: Fly out, F7 (Flyball, 78M) | Bottom of the 2nd over - 0 runs, 2 hits, 0 errors, 2 left on base; Maui 3 - St Charles 0 | TOP OF THE 3RD |
---|
Maui Tropics batting - Pitching for St Charles Sheens : LHP Luis Valentín | Batting: RHB Matt Silver | 0-0: SINGLE (Groundball, 56D) | Batting: LHB Don Hull | 0-0: Ball 1-0: Ball 2-0: Ball 3-0: Called Strike 3-1: Base on Balls Matt Silver to second | Batting: RHB Jesús Espinoza | 0-0: Ball 1-0: Ball 2-0: Called Strike 2-1: Ball 3-1: Foul Ball, location: 2F 3-2: Base on Balls Matt Silver to third Don Hull to second | Batting: RHB Luis Alou | 0-0: Foul Ball, location: 2F 0-1: Swinging Strike 0-2: Foul Ball, location: 2F 0-2: Ball 1-2: Ball 2-2: Fly out, F8 (Flyball, 8RS) Runner from 3rd tags up, SCORES, no throw | Batting: LHB Luis Antonio Torres | 0-0: Called Strike 0-1: Ball 1-1: 3-RUN HOME RUN (Flyball, 89XD), Distance : 440 ft | Batting: LHB Dave Cook | 0-0: Ball 1-0: Ball 2-0: Ball 3-0: Base on Balls | Batting: RHB Michael Woodruff | 0-0: Ball 1-0: Ground out 5-3 (Groundball, 5D) Dave Cook to second | Batting: LHB José Rivas | 0-0: Ball 1-0: Ball 2-0: Ball 3-0: Called Strike 3-1: Base on Balls | Batting: RHB Bo Vickers | 0-0: Ball 1-0: Foul Ball, location: 2F 1-1: Fly out, F8 (Line Drive, 8LD) | Top of the 3rd over - 4 runs, 2 hits, 0 errors, 2 left on base; Maui 7 - St Charles 0 | BOTTOM OF THE 3RD |
---|
St Charles Sheens batting - Pitching for Maui Tropics : RHP Steve Floyd | Batting: LHB Nick Gamble | 0-0: Ball 1-0: Called Strike 1-1: Foul Ball, location: 2F 1-2: Ground out 6-3 (Groundball, 6) | Batting: LHB Kyle Harrison | 0-0: Ball 1-0: Fly out, F7 (Flyball, 7) | Batting: RHB Rob Brady | 0-0: Swinging Strike 0-1: Foul Ball, location: 2F 0-2: Strikes out looking | Bottom of the 3rd over - 0 runs, 0 hits, 0 errors, 0 left on base; Maui 7 - St Charles 0 | TOP OF THE 4TH |
---|
Maui Tropics batting - Pitching for St Charles Sheens : LHP Luis Valentín | Batting: RHB Matt Silver | 0-0: Foul Ball, location: 2F 0-1: Fly out, F7 (Flyball, 78M) | Batting: LHB Don Hull | 0-0: Called Strike 0-1: Ball 1-1: Fly out, F7 (Flyball, 7LM) | Pitching: RHP Jesús Andrade | | Batting: RHB Jesús Espinoza | 0-0: Ball 1-0: Called Strike 1-1: Ball 2-1: Ball 3-1: Base on Balls | Batting: RHB Luis Alou | 0-0: Called Strike 0-1: Foul Ball, location: 2F 0-2: Ground out 4-3 (Groundball, 4S) | Top of the 4th over - 0 runs, 0 hits, 0 errors, 1 left on base; Maui 7 - St Charles 0 | BOTTOM OF THE 4TH |
---|
St Charles Sheens batting - Pitching for Maui Tropics : RHP Steve Floyd | Batting: LHB Benny Richard | 0-0: Called Strike 0-1: Ball 1-1: Ground out 4-3 (Groundball, 4) | Batting: SHB Henry Copeland | 0-0: Foul Ball, location: 2F 0-1: Fly out, F7 (Flyball, 7D) | Batting: RHB Dan Tyler | 0-0: Swinging Strike 0-1: Foul Ball, location: 2F 0-2: Ground out 5-3 (Groundball, 5) | Bottom of the 4th over - 0 runs, 0 hits, 0 errors, 0 left on base; Maui 7 - St Charles 0 | TOP OF THE 5TH |
---|
Maui Tropics batting - Pitching for St Charles Sheens : RHP Jesús Andrade | Batting: LHB Luis Antonio Torres | 0-0: Foul Ball, location: 2F 0-1: Swinging Strike 0-2: Ball 1-2: Foul Ball, location: 2F 1-2: Strikes out swinging | Batting: LHB Dave Cook | 0-0: Ball 1-0: Ball 2-0: Foul Ball, location: 2F 2-1: Foul Ball, location: 2F 2-2: Ball 3-2: Foul Ball, location: 2F 3-2: SOLO HOME RUN (Flyball, 7D), Distance : 398 ft | Batting: RHB Michael Woodruff | 0-0: Ball 1-0: Called Strike 1-1: Foul Ball, location: 2F 1-2: Strikes out swinging | Batting: LHB José Rivas | 0-0: Ball 1-0: Called Strike 1-1: Ball 2-1: Swinging Strike 2-2: Strikes out looking | Top of the 5th over - 1 run, 1 hit, 0 errors, 0 left on base; Maui 8 - St Charles 0 | BOTTOM OF THE 5TH |
---|
St Charles Sheens batting - Pitching for Maui Tropics : RHP Steve Floyd | Batting: LHB Jason Lambert | 0-0: Ball 1-0: Ball 2-0: Ground out 4-3 (Groundball, 4MD) | Batting: RHB Shawn Gutiérrez | 0-0: Ground out 6-3 (Groundball, 6) | Batting: RHB Sergio Pujols | 0-0: Ball 1-0: Foul Ball, location: 2F 1-1: Ball 2-1: Ground out 6-3 (Groundball, 6) | Bottom of the 5th over - 0 runs, 0 hits, 0 errors, 0 left on base; Maui 8 - St Charles 0 | TOP OF THE 6TH |
---|
Maui Tropics batting - Pitching for St Charles Sheens : RHP Jesús Andrade | Batting: RHB Bo Vickers | 0-0: Called Strike 0-1: SINGLE (Groundball, 56D) | Batting: RHB Matt Silver | 0-0: Ground out 5-3 (Groundball, 56S) Bo Vickers to second | Batting: LHB Don Hull | 0-0: Called Strike 0-1: Ball Passed Ball! Bo Vickers to third 1-1: SINGLE (Line Drive, 8LS) Bo Vickers scores | Batting: RHB Jesús Espinoza | 0-0: Called Strike 0-1: Ball 1-1: Grounds into double play, 4-6-3 (Groundball, 4) | Top of the 6th over - 1 run, 2 hits, 0 errors, 0 left on base; Maui 9 - St Charles 0 | BOTTOM OF THE 6TH |
---|
St Charles Sheens batting - Pitching for Maui Tropics : RHP Steve Floyd | Batting: LHB Nick Gamble | 0-0: Foul Ball, location: 2F 0-1: Foul Ball, location: 2F 0-2: Ball 1-2: Ball 2-2: Ball 3-2: Foul Ball, location: 2F 3-2: SINGLE (Line Drive, 7LS) | Batting: LHB Kyle Harrison | 0-0: Called Strike 0-1: Swinging Strike 0-2: Fly out, F8 (Flyball, 8LXD) | Batting: RHB Rob Brady | 0-0: Ball 1-0: Called Strike 1-1: Foul Ball, location: 2F 1-2: Grounds into double play, 4-6-3 (Groundball, 4) | Bottom of the 6th over - 0 runs, 1 hit, 0 errors, 0 left on base; Maui 9 - St Charles 0 | TOP OF THE 7TH |
---|
Maui Tropics batting - Pitching for St Charles Sheens : RHP Jesús Andrade | Batting: RHB Luis Alou | 0-0: Ball 1-0: Foul Ball, location: 2F 1-1: SINGLE (Line Drive, 4D) | Batting: LHB Luis Antonio Torres | 0-0: Ball 1-0: Ball 2-0: Called Strike 2-1: Swinging Strike 2-2: Ball 3-2: Base on Balls Luis Alou to second | Batting: LHB Dave Cook | 0-0: Called Strike 0-1: Foul Ball, location: 2F 0-2: Strikes out swinging | Batting: RHB Michael Woodruff | 0-0: Swinging Strike 0-1: Ball 1-1: Ball 2-1: Fly out, F9 (Flyball, 9D) Runner from 2nd tags up, SAFE at 3rd, no throw | Batting: LHB José Rivas | 0-0: Ball 1-0: Called Strike 1-1: Foul Ball, location: 2F 1-2: Fly out, F8 (Line Drive, 78M) | Top of the 7th over - 0 runs, 1 hit, 0 errors, 2 left on base; Maui 9 - St Charles 0 | BOTTOM OF THE 7TH |
---|
St Charles Sheens batting - Pitching for Maui Tropics : RHP Steve Floyd | Batting: LHB Benny Richard | 0-0: Fly out, F5 (Line Drive, 56) | Batting: SHB Henry Copeland | 0-0: Fly out, F6 (Popup, 6MD) | Batting: RHB Dan Tyler | 0-0: Ball 1-0: Ground out 6-3 (Groundball, 6) | Bottom of the 7th over - 0 runs, 0 hits, 0 errors, 0 left on base; Maui 9 - St Charles 0 | TOP OF THE 8TH |
---|
Maui Tropics batting - Pitching for St Charles Sheens : RHP Jesús Andrade | Batting: RHB Bo Vickers | 0-0: Ball 1-0: Foul Ball, location: 2F 1-1: Foul Ball, location: 2F 1-2: Foul Ball, location: 2F 1-2: Strikes out swinging | Batting: RHB Matt Silver | 0-0: Called Strike 0-1: Ball 1-1: Foul Ball, location: 2F 1-2: Ball 2-2: Ball 3-2: Strikes out swinging | Batting: LHB Don Hull | 0-0: Ball 1-0: Foul Ball, location: 2F 1-1: Called Strike 1-2: Strikes out swinging | Top of the 8th over - 0 runs, 0 hits, 0 errors, 0 left on base; Maui 9 - St Charles 0 | BOTTOM OF THE 8TH |
---|
St Charles Sheens batting - Pitching for Maui Tropics : RHP Steve Floyd | Batting: LHB Jason Lambert | 0-0: Called Strike 0-1: Ball 1-1: SINGLE (Line Drive, 4MD) | Batting: RHB Shawn Gutiérrez | 0-0: Ball 1-0: Called Strike 1-1: Fly out, F8 (Line Drive, 8LD) | Batting: RHB Sergio Pujols | 0-0: Fly out, F9 (Flyball, 9) | Batting: LHB Nick Gamble | 0-0: Ball 1-0: Ball 2-0: Ball 3-0: Base on Balls Jason Lambert to second | Batting: LHB Kyle Harrison | 0-0: Ball 1-0: Foul Ball, location: 2F 1-1: Ground out U3 (Groundball, 3) | Bottom of the 8th over - 0 runs, 1 hit, 0 errors, 2 left on base; Maui 9 - St Charles 0 | TOP OF THE 9TH |
---|
Maui Tropics batting - Pitching for St Charles Sheens : RHP Jesús Andrade | Batting: RHB Jesús Espinoza | 0-0: Ball 1-0: Ball 2-0: Ball 3-0: Called Strike 3-1: Foul Ball, location: 2F 3-2: Fly out, F8 (Line Drive, 8RD) | Batting: RHB Luis Alou | 0-0: Ball 1-0: Called Strike 1-1: Ball 2-1: Foul Ball, location: 2F 2-2: Foul Ball, location: 2F 2-2: Strikes out looking | Batting: LHB Luis Antonio Torres | 0-0: Ball 1-0: Foul Ball, location: 2F 1-1: Ball 2-1: Ball 3-1: Foul Ball, location: 2F 3-2: Ground out 6-3 (Groundball, 6) | Top of the 9th over - 0 runs, 0 hits, 0 errors, 0 left on base; Maui 9 - St Charles 0 | BOTTOM OF THE 9TH |
---|
St Charles Sheens batting - Pitching for Maui Tropics : RHP Steve Floyd | Batting: RHB Rob Brady | 0-0: Called Strike 0-1: Foul Ball, location: 2F 0-2: Fly out, F9 (Flyball, 9D) | Batting: LHB Benny Richard | 0-0: Swinging Strike 0-1: Ball 1-1: Ground out 6-3 (Groundball, 6D) | Batting: SHB Henry Copeland | 0-0: Ball 1-0: Ball 2-0: SINGLE (Groundball, 4MD) | Batting: RHB Dan Tyler | 0-0: Ball 1-0: Ball 2-0: Called Strike 2-1: Ball 3-1: Base on Balls Henry Copeland to second | Batting: LHB Jason Lambert | 0-0: Ball 1-0: Swinging Strike 1-1: Foul Ball, location: 2F 1-2: SINGLE (Line Drive, 56D) Henry Copeland to third Dan Tyler to second | Batting: RHB Shawn Gutiérrez | 0-0: Ball 1-0: Called Strike 1-1: Foul Ball, location: 2F 1-2: Ball 2-2: Foul Ball, location: 2F 2-2: Fielders Choice at 2nd, U6 (Groundball, 6M) | Bottom of the 9th over - 0 runs, 2 hits, 0 errors, 3 left on base; Maui 9 - St Charles 0 | |